 Dungeon Crawl Stone Soup version 0.17-a0-1056-g838d5c0 (webtiles) character file.

10339 Lugonue the Grappler (level 11, -5/112 (113) HPs)
             Began as a Troll Transmuter on May 16, 2015.
             Was an Elder of Cheibriados.
             Slain by a yak (8 damage)
             ... on level 11 of the Dungeon.
             The game lasted 00:44:44 (8168 turns).

Lugonue the Grappler (Troll Transmuter)             Turns: 8168, Time: 00:44:44

HP:   -5/112 (113)  AC:  6    Str: 29    XL:     11   Next: 34%
MP:   10/15         EV: 10    Int: 21    God:    Cheibriados [****..]
Gold: 641           SH:  0    Dex: 19    Spells: 2 memorised, 11 levels left

rFire  . . .     SeeInvis +       - Unarmed
rCold  . . .     Clarity  .     H - troll hide
rNeg   . . .     SustAb   .     (no shield)
rPois  +         Gourm    +     (helmet restricted)
rElec  .         Spirit   .     F - +0 cloak {rPois}
rCorr  .         Warding  .     (gloves unavailable)
rMut   .         Stasis   .     (boots unavailable)
MR     .....                    (no amulet)
Stlth  ++........               Q - ring of stealth
                                m - ring of see invisible

@: appendage, very slow, not resistant to hostile enchantments, unstealthy
A: unfitting armour, claws 3, talons 3, fast metabolism 3, gourmand,
regeneration 2, shaggy fur 1, tough skin 2
a: End Transformation, Bend Time, Temporal Distortion, Slouch, Renounce Religion


You were on level 11 of the Dungeon.
You worshipped Cheibriados.
Cheibriados was greatly pleased with you.
You were full.
You had grown temporary talons.
You visited 3 branches of the dungeon, and saw 13 of its levels.

You collected 641 gold pieces.

Inventory:

Hand weapons
 C - the +6 rapier of Disorder {pain, rC+ Str+3 Int-5 Stlth+}
   (You found it on level 8 of the Dungeon)

   In the hands of one skilled in necromantic magic, it inflicts extra damage on
   living creatures.
   It affects your strength (+3).
   It affects your intelligence (-5).
   It protects you from cold.
   It makes you more stealthy.
 J - a +2 great mace of protection
Missiles
 a - 121 arrows
 u - 13 arrows of dispersal
 A - 21 arrows of flame
 O - 19 arrows of frost
Armour
 r - a +0 large shield
 F - a +0 cloak of poison resistance (worn)
 H - a troll hide (worn)
Jewellery
 m - a ring of see invisible (left claw)
 z - an uncursed ring of flight
 Q - a ring of stealth (right claw)
Magical devices
 e - a wand of teleportation (3)
 f - a wand of frost (13)
 n - a wand of draining (6)
 w - a wand of draining (7)
 K - a wand of fireball (6)
 P - a wand of polymorph (15)
Scrolls
 g - 2 scrolls of teleportation
 h - 4 scrolls of identify
 l - a scroll of enchant weapon
 o - 4 scrolls of remove curse
 y - 2 scrolls of amnesia
 L - a scroll of recharging
 N - a scroll of immolation
Potions
 i - a potion of ambrosia
 k - a potion of curing
 p - a potion of flight
 q - a potion of poison {unknown}
 G - a potion of might {unknown}
 M - 2 potions of agility
Books
 b - a book of Beasts

   Spells                             Type                      Level
   a - Summon Butterflies             Summoning                    1
   b - Call Canine Familiar           Summoning                    3
   c - Summon Ice Beast               Ice/Summoning                4
   d - Summon Mana Viper              Hexes/Summoning              5
   e - Summon Hydra                   Summoning                    7
 c - a book of Changes

   Spells                             Type                      Level
   a - Beastly Appendage              Transmutation                1
   b - Sticks to Snakes               Transmutation                2
   c - Spider Form                    Transmutation/Poison         3
   d - Ice Form                       Ice/Transmutation            4
   e - Blade Hands                    Transmutation                5
 D - a Necronomicon {highlevel}

   This book is beyond your current level of understanding.

   Spells                             Type                      Level
   a - Haunt                          Necromancy/Summoning         7
   b - Borgnjor's Revivification      Necromancy                   8
   c - Death's Door                   Charms/Necromancy            8
   d - Necromutation                  Transmutation/Necromancy     8
 E - a book of Debilitation

   Spells                             Type                      Level
   a - Corona                         Hexes                        1
   b - Slow                           Hexes                        2
   c - Gell's Gravitas                Hexes/Translocation          3
   d - Inner Flame                    Hexes/Fire                   3
   e - Cause Fear                     Hexes                        4
   f - Leda's Liquefaction            Hexes/Earth                  4
Miscellaneous
 v - a disc of storms
Comestibles
 d - 9 bread rations
 j - 2 meat rations
 s - a beef jerky
 B - 5 fruits
 I - a royal jelly


   Skills:
 + Level 8.9 Fighting
 - Level 1.6 Dodging
 - Level 9.9 Unarmed Combat
 + Level 3.7 Spellcasting
 * Level 5.5 Transmutations
 - Level 6.0 Invocations


You had 11 spell levels left.
You knew the following spells:

 Your Spells              Type           Power        Failure   Level  Hunger
a - Beastly Appendage     Trmt           ####..       1%          1    None
b - Blade Hands           Trmt           ####......   38%         5    ######.


Dungeon Overview and Level Annotations

Branches:
Dungeon (11/15)            Temple (1/1) D:6            Lair (1/8) D:8
    Orc (0/4) D:9

Altars:
Ashenzari
Cheibriados
Dithmenos
Elyvilon
Gozag
Kikubaaqudgha
Makhleb
Nemelex Xobeh
Okawaru
Qazlal
Ru
Sif Muna
Vehumet
Xom
Yredelemnul
Zin
The Shining One

Shops:
D:6 (


Innate Abilities, Weirdness & Mutations

You are too large for most types of armour.
You have claws for hands.
Your metabolism is lightning-fast.
You like to eat raw meat.
You heal very quickly.
You are covered in fur (AC +1).
You have very tough skin (AC +2).
You have claws for feet.


Message History

Confirm with . or Enter, or press ? or * to list all spells.
Okay, then.
Unknown command.
Evoke which item? (* to show all) (? for menu, Esc to quit)
The disc erupts in an explosion of electricity!
The orb of electricity explodes!
The orb of electricity engulfs you!
* * * LOW HITPOINT WARNING * * *
The orb of electricity engulfs the yak.
The yak is almost dead.
The orb of electricity engulfs the yak.
The yak is almost dead.
The orb of electricity engulfs the yak.
The yak is severely wounded.
The orb of electricity engulfs the yak.
You kill the yak!
Cheibriados appreciates the change of pace.
The zap hits the yak.
The yak is almost dead.
The yak gores you!
You die...

.#'#######..####'#...............
.................................
.................................
...#####'##......................
...#......#......................
...#......#.###'######..#######..
...#......#.#......§.#..#.....#..
...#......#.#........#..#.....#.#
...#......#.#..Y@Y...#........#.#
...########.####Y#####..'.._..#.#
................†...(.........#.#
..............§.............)...#
................).....(.........#
................).(.(.(.........#
##..............(.§..(....####..#
#....................§...# #..#
#...................>....# #<.#


You could see 3 yaks.

Vanquished Creatures
  A hill giant (D:11)
  An unseen horror (D:10)
  2 centaur zombies (D:11)
  Maurice (D:8)
  A komodo dragon (D:8)
  3 trolls
  Grinder (D:6)
  Prince Ribbit (D:7)
  A spriggan (D:7)
  Sigmund (D:3)
  3 hippogriffs
  7 yaks
  A deep elf mage (D:9)
  A hungry ghost (D:7)
  Grum (Lair:1)
  The ghost of HEYYEYAAE the Ducker, an average OpFi (D:3)
  3 wolves (Lair:1)
  A vampire mosquito (D:10)
  A porcupine (Lair:1)
  3 water moccasins
  A black bear (D:8)
  6 orc warriors
  2 sky beasts
  A necrophage (D:11)
  2 ogres (D:9)
  3 ice beasts
  A phantom (D:8)
  5 centaurs
  Blork the orc (D:4)
  2 big kobolds (D:11)
  4 giant frogs
  A wyvern zombie (D:8)
  A crocodile (Lair:1)
  3 scorpions
  5 killer bees (D:10)
  4 wights (D:11)
  6 orc priests
  A quasit (D:5)
  2 giant frog zombies
  A giant frog skeleton (D:9)
  A crimson imp (D:5)
  5 hounds
  A gnoll shaman (D:4)
  4 jellies
  2 centaur skeletons
  Ijyb (D:3)
  6 orc wizards
  2 worker ants
  2 iguanas (Lair:1)
  A hound skeleton (D:8)
  4 adders
  14 gnolls
  2 shadow imps
  2 oozes
  4 adder skeletons
  2 worms
  2 giant geckos
  28 orcs
  3 giant cockroaches
  7 goblins
  7 hobgoblins
  11 jackals
  29 kobolds
  4 quokkas
  A ball python (D:3)
  A ball python skeleton (D:6)
  15 bats
  A giant gecko skeleton (D:7)
  2 giant newts
  A quokka skeleton (D:5)
  14 rats
266 creatures vanquished.

Vanquished Creatures (others)
  A quokka (D:8)
  A fungus (Lair:1)
  4 plants (D:8)
6 creatures vanquished.

Grand Total: 272 creatures vanquished

Notes
Turn   | Place    | Note
--------------------------------------------------------------
     0 | D:1      | Lugonue the Troll Transmuter began the quest for the Orb.
     0 | D:1      | Reached XP level 1. HP: 18/18 MP: 1/1
   197 | D:1      | Reached XP level 2. HP: 26/26 MP: 2/2
   535 | D:1      | Reached skill level 4 in Unarmed Combat
   909 | D:1      | Reached XP level 3. HP: 28/32 MP: 3/3
  1055 | D:2      | Reached XP level 4. HP: 40/40 MP: 4/4
  1247 | D:2      | Reached skill level 5 in Unarmed Combat
  1441 | D:3      | Reached XP level 5. HP: 41/46 MP: 5/5
  1510 | D:3      | Found an ancient bone altar of Kikubaaqudgha.
  1537 | D:3      | Noticed HEYYEYAAE's ghost (average OpFi)
  1547 | D:3      | Killed HEYYEYAAE's ghost
  1547 | D:3      | Reached skill level 6 in Unarmed Combat
  1688 | D:3      | Noticed Sigmund
  1700 | D:3      | Killed Sigmund
  1700 | D:3      | Reached skill level 7 in Unarmed Combat
  1700 | D:3      | Reached XP level 6. HP: 41/54 MP: 6/6
  1777 | D:3      | Reached XP level 7. HP: 39/61 MP: 7/7
  1781 | D:3      | Reached skill level 8 in Unarmed Combat
  1927 | D:3      | Noticed Ijyb
  1935 | D:3      | Killed Ijyb
  2355 | D:4      | Noticed Blork the orc
  2369 | D:4      | Killed Blork the orc
  2560 | D:4      | Found a deep blue altar of Sif Muna.
  2566 | D:4      | Found a shattered altar of Ashenzari.
  2774 | D:5      | Entered Level 5 of the Dungeon
  2802 | D:5      | Found a shadowy altar of Dithmenos.
  2838 | D:5      | Reached skill level 9 in Unarmed Combat
  3507 | D:6      | Reached XP level 8. HP: 53/68 MP: 8/8
  3667 | D:6      | Found an opulent altar of Gozag.
  3749 | D:6      | Found a staircase to the Ecumenical Temple.
  3760 | Temple   | Entered the Ecumenical Temple
  3773 | Temple   | Became a worshipper of Cheibriados the Contemplative
  3793 | Temple   | Learned a level 5 spell: Blade Hands
  3840 | D:6      | Found a basalt altar of Yredelemnul.
  3908 | D:6      | Noticed Grinder
  3919 | D:6      | Killed Grinder
  3919 | D:6      | Reached skill level 1 in Invocations
  3977 | D:6      | Found Ocrapnuar's Antique Weapon Shop.
  4190 | D:7      | Found a stormy altar of Qazlal.
  4193 | D:7      | Noticed Prince Ribbit
  4204 | D:7      | Killed Prince Ribbit
  4428 | D:7      | Found an iron altar of Okawaru.
  4617 | D:7      | Reached XP level 9. HP: 25/84 MP: 3/10
  4626 | D:7      | Acquired Cheibriados's first power
  5098 | D:8      | Got an iridescent rapier
  5099 | D:8      | Identified the +6 rapier of Disorder {pain, rC+ Str+3 Int-5 Stlth+} (You found it on level 8 of the Dungeon)
  5237 | D:8      | Found a white marble altar of Elyvilon.
  5402 | D:8      | Noticed Maurice
  5415 | D:8      | Killed Maurice
  5415 | D:8      | Reached skill level 5 in Fighting
  5415 | D:8      | Reached skill level 5 in Invocations
  5618 | D:8      | Noticed a komodo dragon
  5626 | D:8      | Killed a komodo dragon
  5632 | D:8      | Found a staircase to the Lair.
  5649 | D:8      | Reached XP level 10. HP: 86/98 MP: 13/13
  5666 | Lair:1   | Entered Level 1 of the Lair of Beasts
  5945 | Lair:1   | Noticed Grum
  6097 | Lair:1   | Killed Grum
  6324 | D:9      | Found a staircase to the Orcish Mines.
  7053 | D:10     | Entered Level 10 of the Dungeon
  7060 | D:10     | Acquired Cheibriados's second power
  7133 | D:10     | Noticed an unseen horror
  7144 | D:10     | Killed an unseen horror
  7296 | D:10     | Noticed a frost giant
  7378 | D:10     | Reached skill level 5 in Transmutations
  7396 | D:10     | Reached XP level 11. HP: 57/111 MP: 15/15
  7442 | D:10     | Acquired Cheibriados's third power
  7653 | D:11     | Found a stormy altar of Qazlal.
  7821 | D:11     | Noticed a hill giant
  7835 | D:11     | Killed a hill giant
  8167 | D:11     | HP: 5/112 [yak (18)]
  8168 | D:11     | HP: 2/112 [shot self (3)]
  8168 | D:11     | Slain by a yak

Vault maps used:
D:1:      dpeg_arrival_windows_large_door
D:2:      serial_forest, infiniplex_forest_straight_2,
          infiniplex_forest_lined_room_3, infiniplex_forest_end_2,
          infiniplex_forest_zigzag_1, infiniplex_forest_clump_medium,
          infiniplex_forest_straight_4, infiniplex_forest_lined_room_3,
          infiniplex_forest_clump_double
D:3:      kennysheep_six_static_rooms, kiku_gazebo_pond_becter, minivault_11,
          uniq_sigmund, uniq_iyjb
D:4:      minitemple, uniq_blork_the_orc
D:5:      nicolae_dithmenos_through_a_glass_darkly, first_bread
D:6:      kennysheep_mini_moat, temple_hall, serial_shops, nicolae_shop_crystal,
          grunt_gozag_breadcrumbs, uniq_grinder
D:7:      lemuel_round_altar, the_bakery, okawaru_trees_1, uniq_prince_ribbit1
D:8:      elyvilon_altar_4, david_lair_shrubbed, uniq_maurice
D:9:      orc_0_dummy
D:10:     minmay_evil_grid
D:11:     basic_altar, portal_ice_cave_entry_ice_statue_01
Temple:   circular_temple_12
Lair:1:   grunt_forest_small_clearings, lemuel_fruit_tree, uniq_grum

Action                   |  1- 3 |  4- 6 |  7- 9 | 10-12 || total
-------------------------+-------+-------+-------+-------++-------
Melee: Unarmed           |    93 |    96 |   332 |   270 ||   791
 Cast: Beastly Appendage |       |       |    12 |    14 ||    26
       Blade Hands       |       |       |       |     1 ||     1
Invok: Bend Time         |       |       |     3 |       ||     3
       Slouch            |       |       |       |     3 ||     3
Evoke: Wand              |       |       |     4 |     5 ||     9
       Disc of storms    |       |       |       |     2 ||     2
  Use: Scroll            |     3 |     2 |    11 |     7 ||    23
       Potion            |       |     3 |     4 |     6 ||    13
 Stab: Sleeping          |       |       |       |     3 ||     3
  Eat: Chunk             |     7 |    14 |    32 |    13 ||    66
       Fruit             |       |       |     3 |       ||     3
